 Dungeon Crawl Stone Soup version 0.28.0-45-g0d030f2227 (webtiles) character file.

Game seed: 10861304207270155732

63 Iusername the Firebug (level 3, -2/27 HPs)
             Began as a Draconian Fire Elementalist on Apr 7, 2022.
             Was a Believer of Lugonu.
             Slain by Sigmund
             ... wielding a +0 scythe
              (3 damage)
             ... on level 2 of the Dungeon.
             The game lasted 00:05:53 (2426 turns).

Iusername the Firebug (Draconian Fire Elementalist) Turns: 2426, Time: 00:05:54

Health: -2/27      AC:  5    Str: 12    XL:     3   Next: 87%
Magic:  0/6        EV: 12    Int: 15    God:    Lugonu [**....]
Gold:   40         SH:  0    Dex: 11    Spells: 6/7 levels left

rFire   . . .      SeeInvis .   d - +0 dagger
rCold   . . .      Faith    .   (no shield)
rNeg    . . .      Spirit   +   (armour unavailable)
rPois   .          Reflect  .   (helmet restricted)
rElec   .          Harm     .   (no cloak)
rCorr   .          Rampage  .   (no gloves)
Will    .....                   (no boots)
Stlth   ++........              a - amulet of guardian spirit
HPRegen 0.09/turn               g - ring of wizardry
MPRegen 0.10/turn               (no ring)

@: no status effects
A: AC +5, unfitting armour, cold-blooded
a: Renounce Religion, Depart the Abyss, Bend Space


You were on level 2 of the Dungeon.
You worshipped Lugonu.
Lugonu was pleased with you.
You visited 1 branch of the dungeon, and saw 2 of its levels.

You collected 40 gold pieces.

Inventory:

Hand Weapons
 d - a +0 dagger (weapon)
Magical Staves
 i - a staff of death
Jewellery
 a - an amulet of guardian spirit (around neck)
 g - a ring of wizardry (left hand)
Scrolls
 b - a scroll of amnesia {unknown}
 c - a scroll of identify {unknown}
Potions
 e - a potion of curing
 f - a potion of flight {unknown}
 h - 3 potions of degeneration {unknown}
 j - 2 potions of brilliance {unknown}


   Skills:
 + Level 0.7 Fighting
 + Level 0.2 Short Blades
 + Level 1.9 Dodging
 + Level 2.6 Stealth
 + Level 2.5 Spellcasting
 + Level 1.2 Conjurations
 + Level 3.5 Fire Magic


You had 6 spell levels left.
You knew the following spells:

 Your Spells              Type           Power      Damage    Failure   Level
a - Foxfire               Conj/Fire      36%        2x1d5     3%          1

Your spell library contained the following spells:

 Spells                   Type           Power      Damage    Failure   Level
 Scorch                   Fire           24%        2d6       3%          2
 Conjure Flame            Conj/Fire      9%         6-21      10%         3
 Inner Flame              Hex/Fire       7%         N/A       12%         3
 Flame Wave               Conj/Fire      9%         2d5       30%         4


Dungeon Overview and Level Annotations

Branches:
Dungeon (2/15)

Altars:
Lugonu

Annotations:
D:2 Sigmund


Innate Abilities, Weirdness & Mutations

Your plain brown scales are hard. (AC +5)
You cannot fit into any form of body armour.
You are cold-blooded and may be slowed by cold attacks.


Message History

Casting: Foxfire (safe; 3% risk of failure)
Confirm with . or Enter, or press ? or * to list all spells.
You don't have enough magic to cast this spell.
Something hits you.
* * * LOW HITPOINT WARNING * * *
Casting: Foxfire (safe; 3% risk of failure)
Confirm with . or Enter, or press ? or * to list all spells.
You don't have enough magic to cast this spell.
Casting: Foxfire (safe; 3% risk of failure)
Confirm with . or Enter, or press ? or * to list all spells.
You don't have enough magic to cast this spell.
Casting: Foxfire (safe; 3% risk of failure)
Confirm with . or Enter, or press ? or * to list all spells.
You don't have enough magic to cast this spell.
Casting: Foxfire (safe; 3% risk of failure)
Confirm with . or Enter, or press ? or * to list all spells.
You don't have enough magic to cast this spell.
Casting: Foxfire (safe; 3% risk of failure)
Confirm with . or Enter, or press ? or * to list all spells.
You don't have enough magic to cast this spell.
Casting: Foxfire (safe; 3% risk of failure)
Confirm with . or Enter, or press ? or * to list all spells.
You don't have enough magic to cast this spell.
Casting: Foxfire (safe; 3% risk of failure)
Confirm with . or Enter, or press ? or * to list all spells.
You don't have enough magic to cast this spell.
Casting: Foxfire (safe; 3% risk of failure)
Confirm with . or Enter, or press ? or * to list all spells.
You don't have enough magic to cast this spell.
Casting: Foxfire (safe; 3% risk of failure)
Confirm with . or Enter, or press ? or * to list all spells.
You don't have enough magic to cast this spell.
Casting: Foxfire (safe; 3% risk of failure)
Confirm with . or Enter, or press ? or * to list all spells.
You don't have enough magic to cast this spell.
Casting: Foxfire (safe; 3% risk of failure)
Confirm with . or Enter, or press ? or * to list all spells.
You don't have enough magic to cast this spell.
Something hits you.
You die...

#..........#.⌠....# #.###......
#..........#.##.### #.. ##.###.
#..........#(##.# ##. ##.# #.
##...........##.# #.##..# ##
##........#####.# #....## #
#......†...####.### ##..## #
#............<....######.## #
#..........####v#....##...######
#..........# #@####.....^.....#
#..........# #.# ####.#..###..
##>.......## #.# ..##.# ###
##......## #.# .#.. ......
######## #.# #...##.##... #.# .
.## .# ... #.# #.#. ... #.# # #.
>.. ...


There were no monsters in sight!

Vanquished Creatures
  4 adders (D:2)
  2 worms (D:2)
  A dart slug (D:1)
  2 ball pythons (D:2)
  2 giant cockroaches (D:1)
  2 goblins
  2 hobgoblins (D:1)
  2 kobolds
  A bat (D:2)
  4 frilled lizards
  A rat (D:1)
23 creatures vanquished.

Vanquished Creatures (others)
  38 foxfires
38 creatures vanquished.

Grand Total: 61 creatures vanquished

Notes
Turn   | Place    | Note
-------+----------+-------------------------------------------
     0 | D:1      | Iusername the Draconian Fire Elementalist began the quest
                  | for the Orb.
     0 | D:1      | Reached XP level 1. HP: 14/14 MP: 3/3
   518 | D:1      | Reached XP level 2. HP: 20/20 MP: 1/5
   936 | D:2      | Reached XP level 3. HP: 10/26 MP: 2/6
  1891 | D:2      | Found a faded altar of an unknown god.
  2026 | D:2      | Prayed at the altar of an unknown god.
  2026 | D:2      | Became a worshipper of Lugonu the Unformed
  2026 | D:2      | Reached * piety under Lugonu
  2026 | D:2      | Reached ** piety under Lugonu
  2407 | D:2      | Noticed Sigmund
  2424 | D:2      | HP: 1/27 [something (6)]
  2426 | D:2      | Slain by Sigmund

Illustrated notes

Levels and vault maps discovered:
D:1:      saegor_arrival_simple_e, layout_basic
D:2:      layout_rooms, hellmonk_ecumenical_altar_run_dry, uniq_sigmund

Skill      XL: |  1 |
---------------+----+-----
Stealth        | 2 |  2.6
Fighting       | |  0.7
Short Blades   | |  0.2
Dodging        | |  1.9
Spellcasting   | |  2.5
Conjurations   | |  1.2
Fire Magic     | |  3.5

Action                   || total
-------------------------++-------
Melee: Unarmed           ||    17
       Dagger            ||    69
       Tailslap          ||     7
       Punch             ||     2
 Cast: Foxfire           ||    26
  Use: Potion            ||     1
Armor: Skin              ||    51
Dodge: Dodged            ||    66
